Selects Australian Defense Battlegroup
Selects Australian Light Infantry Section
Australian Light Infantry Section
Construct Section Command Post
Australian Light Infantry Section
Selects 2-pounder Anti-tank Gun Team
2-pounder Anti-tank Gun Team
Construct Platoon Command Post
Unlock Bishop Self-propelled Artillery
Bishop Self-propelled Artillery
2-pounder Anti-tank Gun Team
Selects Vehicle Over Repair
Construct Company Command Post
Unlock M3 Grant Medium Tanks
Selects CMP 15cwt Supply Run
2-pounder Anti-tank Gun Team